 Dungeon Crawl Stone Soup version 0.22-a0-353-g2d6336e (webtiles) character file.

286 avis the Grave Robber (level 6, -3/46 HPs)
             Began as a Mummy Necromancer on Apr 16, 2018.
             Slain by Edmund
             ... wielding a +2 dire flail of protection
              (8 damage)
             ... on level 4 of the Dungeon.
             The game lasted 00:20:58 (4656 turns).

avis the Grave Robber (Mummy Necromancer)           Turns: 4656, Time: 00:21:00

Health: -3/46      AC: 10    Str: 14    XL:     6   Next: 8%
Magic:  0/12       EV: 10    Int: 16    God:
Gold:   101        SH:  0    Dex: 12    Spells: 9/14 levels left

rFire    x . .     SeeInvis .   a - +1 short sword
rCold    + . .     Gourm    .   (no shield)
rNeg     + + +     Faith    .   i - +4 ring mail
rPois    ∞         Spirit   .   (no helmet)
rElec    .         Reflect  .   (no cloak)
rCorr    .         Harm     .   n - +0 pair of gloves (curse)
MR       .....                  (no boots)
Stlth    +.........             (no amulet)
HPRegen  0.15/turn              p - +2 ring of strength
MPRegen  0.13/turn              (no ring)

@: no status effects
A: no food or potions, fire vulnerability, cold resistance 1, negative energy
resistance 3, torment resistance, unbreathing
a: no special abilities


You were on level 4 of the Dungeon.
You were not hungry.

You visited 1 branch of the dungeon, and saw 4 of its levels.

You collected 101 gold pieces.

Inventory:

Hand Weapons
 a - a +1 short sword (weapon)
Missiles
 c - 49 bolts
 e - 100 stones (quivered)
 h - 24 arrows
 l - 5 tomahawks
Armour
 d - a +0 leather armour
 f - a +0 robe
 i - a +4 ring mail (worn)
 m - a scarf of spirit shield
 n - a cursed +0 pair of gloves (worn)
Jewellery
 p - a +2 ring of strength (left hand)
Scrolls
 g - 2 scrolls of teleportation
 j - 2 scrolls of amnesia
 k - 2 scrolls of blinking


   Skills:
 + Level 2.7 Fighting
 - Level 1.5 Dodging
 - Level 1.5 Stealth
 + Level 4.5 Spellcasting
 * Level 5.9 Necromancy


You had 9 spell levels left.
You knew the following spells:

 Your Spells              Type           Power        Failure   Level  Hunger
a - Pain                  Necr           ###.         2%          1    N/A
b - Animate Skeleton      Necr           N/A          2%          1    N/A
d - Vampiric Draining     Necr           ###.......   9%          3    N/A

Dungeon Overview and Level Annotations

Branches:
Dungeon (4/15)
 Temple: D:4-7

Altars:
Kikubaaqudgha
Uskayaw

Annotations:
D:3 rywalker's ghost, amateur DEFE
D:4 Edmund


Innate Abilities, Weirdness & Mutations

You do not eat or drink.
Your flesh is vulnerable to fire.
You are immune to poison.
Your flesh is cold resistant. (rC+)
You are immune to negative energy. (rN+++)
You are immune to unholy pain and torment.
You can survive without breathing.


Message History

Confirm with . or Enter, or press ? or * to list all spells.
Aiming: Pain (safe; 2% risk of failure)
Press: ? - help, Shift-Dir - straight line, f/p - Edmund
Aim: Edmund, wielding a dire flail of protection and wearing a scale mail (almost dead, chance to defeat MR: 81%) Edmund writhes in agony!
The centaur skeleton barely misses you.
Edmund says, "What use are spells, anyway?"
Edmund closely misses you.
You barely miss Edmund.
Edmund is almost dead.
The centaur skeleton hits you but does no damage.
Edmund hits you with a dire flail of protection.
* * * LOW HITPOINT WARNING * * *
You hit Edmund but do no damage.
Edmund is almost dead.
The centaur skeleton hits you.
* * * LOW HITPOINT WARNING * * *
The centaur skeleton hits you.
* * * LOW HITPOINT WARNING * * *
Edmund hits you with a dire flail of protection!
You die...

...............
..............#$
.............#..
.$.............
...............
...........#
...........#
#.....@.Z.##
#......@..#
#.........#
.........##
..........
......#####
..(... #.....
#..###


You could see Edmund and a centaur skeleton.

Vanquished Creatures
  A scorpion (D:4)
  An orc wizard (D:2)
  9 adders
  3 worms
  5 dart slugs
  2 leopard geckos
  7 orcs
  A giant cockroach (D:1)
  7 goblins
  3 hobgoblins
  2 jackals
  7 kobolds
  6 bats
  6 frilled lizards
  A leopard gecko skeleton (D:3)
  8 rats
69 creatures vanquished.

Vanquished Creatures (collateral kills)
  A hound (D:4)
  An adder (D:2)
  A dart slug (D:1)
  2 orcs (D:2)
  2 bats (D:1)
  2 jackals
  A kobold (D:1)
  A rat (D:1)
11 creatures vanquished.

Grand Total: 80 creatures vanquished

Notes
Turn   | Place    | Note
-------+----------+-------------------------------------------
     0 | D:1      | avis the Mummy Necromancer began the quest for the Orb.
     0 | D:1      | Reached XP level 1. HP: 13/13 MP: 4/4
    53 | D:1      | Learned a level 1 spell: Animate Skeleton
   124 | D:1      | Reached XP level 2. HP: 20/20 MP: 1/5
   542 | D:1      | Reached skill level 1 in Fighting
  1020 | D:2      | Reached XP level 3. HP: 26/26 MP: 5/7
  1029 | D:2      | Learned a level 3 spell: Vampiric Draining
  1804 | D:2      | Reached XP level 4. HP: 29/32 MP: 4/9
  1854 | D:2      | Reached skill level 5 in Necromancy
  2297 | D:2      | Found an ancient bone altar of Kikubaaqudgha.
  2582 | D:2      | Reached XP level 5. HP: 11/38 MP: 0/10
  3432 | D:3      | Noticed rywalker's ghost (amateur DEFE)
  3652 | D:3      | Found a hide-covered altar of Uskayaw.
  3653 | D:3      | Noticed a hand axe
  3653 | D:3      | Noticed a hand axe
  4379 | D:4      | Noticed Edmund
  4382 | D:4      | Reached XP level 6. HP: 46/46 MP: 7/12
  4656 | D:4      | Slain by Edmund

Vault maps used:
D:1:      onia_arrival_mini_spirals
D:2:      nicolae_overflow_crystal_walls
D:3:      dancing_weapons_uskayaw, first_ration
D:4:      nemelex_xobeh_ov_fountains_minmay, kennysheep_mini_moat,
          grunt_dithmenos_smoke_and_mirrors, enter_ossuary_4, serial_shops,
          nicolae_shop_temple_entry_statues_fountains, shop, tgw_trog,
          uniq_edmund

Skill      XL: |  1  2  3  4  5 |
---------------+----------------+-----
Spellcasting   | 3 4 |  4.5
Fighting       | 1 2 |  2.7
Necromancy     | 5 |  5.9
Dodging        | |  1.5
Stealth        | |  1.5

Action                   |  1- 3 |  4- 6 || total
-------------------------+-------+-------++-------
Melee: Unarmed           |     2 |       ||     2
       Short sword       |    23 |    76 ||    99
 Cast: Pain              |    68 |   101 ||   169
       Animate Skeleton  |    17 |    17 ||    34
       Vampiric Draining |       |     8 ||     8
  Use: Scroll            |       |     5 ||     5
Armor: Robe              |     2 |       ||     2
       Leather armour    |    22 |     6 ||    28
       Ring mail         |       |    30 ||    30
Dodge: Dodged            |    30 |    79 ||   109

Table legend:
 A = Spawn XP
 B = Non-spawn XP
 C = Spawn XP percentage of total XP
 D = Spawn monster count
 E = Non-spawn monster count
 F = Spawn count percentage of total count
 G = Total turns spent on level
                    A         B        C        D         E        F      G
               +---------+---------+-------+---------+---------+-------+---------
         Total |       0 |     409 |   0.0 |       0 |      80 |   0.0 |  4656
               +---------+---------+-------+---------+---------+-------+---------
           D:1 |       0 |      40 |   0.0 |       0 |      25 |   0.0 |   993
           D:2 |       0 |     171 |   0.0 |       0 |      25 |   0.0 |  1995
           D:3 |       0 |      72 |   0.0 |       0 |      25 |   0.0 |  1588
           D:4 |       0 |     126 |   0.0 |       0 |       5 |   0.0 |    80
               +---------+---------+-------+---------+---------+-------+---------
